 Dungeon Crawl Stone Soup version 0.20.1-1-g8b1a95d (webtiles) character file.

125368 polve the Bludgeoner (level 16, -2/144 HPs)
             Began as a Gargoyle Fighter on July 9, 2017.
             Was the Champion of Trog.
             Slain by a salamander
             ... wielding a +0 glaive
              (15 damage)
             ... on level 4 of the Snake Pit.
             The game lasted 00:42:55 (27650 turns).

polve the Bludgeoner (Gargoyle Fighter)            Turns: 27650, Time: 00:42:56

Health: -2/144     AC: 47    Str: 38    XL:     16   Next: 95%
Magic:  20/20      EV:  9    Int:  9    God:    Trog [******]
Gold:   1574       SH: 16    Dex: 14    Spells: 15/15 levels left

rFire    . . .     SeeInvis .   D - +10 morningstar "Ilytot" {freeze, rElec rF- MR+ Str+8}
rCold    . . .     Gourm    +   F - +0 shield
rNeg     + + .     Faith    .   R - +8 plate armour "Irhunyar" {rCorr Str+3}
rPois    ∞         Spirit   .   i - +0 helmet
rElec    +         Reflect  .   N - +2 cloak {rPois}
rCorr    +         Harm     .   r - +0 pair of gloves
MR       ++...                  o - +1 pair of boots
Stlth    ..........             P - amulet of Najype {Gourm rPois}
Regen    0.4/turn               q - ring of protection from fire
MPRegen  0.2/turn               s - ring of positive energy

@: berserking, flying, constricted, very quick
A: big wings, yellow scales 1, frail 1, negative energy resistance 1, screaming
1, electricity resistance, unbreathing, petrification resistance, rot immunity,
subdued magic 1, MP-powered wands, sturdy frame 1, AC +11
a: Stop Flying, Berserk, Trog's Hand, Brothers in Arms, Burn Spellbooks,
Renounce Religion


You were on level 4 of the Snake Pit.
You worshipped Trog.
Trog was exalted by your worship.
You were not hungry.

You visited 3 branches of the dungeon, and saw 22 of its levels.
You also visited: Labyrinth, Ossuary and Volcano.

You collected 1574 gold pieces.

Inventory:

Hand Weapons
 D - the +10 morningstar "Ilytot" (weapon) {freeze, rElec rF- MR+ Str+8}
   (Trog gifted it to you on level 5 of the Lair of Beasts)

   It has been specially enchanted to freeze those struck by it, causing extra
   injury to most foes and up to half again as much damage against particularly
   susceptible opponents.
   It can also slow down cold-blooded creatures.
   It affects your strength (+8).
   It makes you vulnerable to fire.
   It insulates you from electricity.
   It affects your resistance to hostile enchantments.
Armour
 i - a +0 helmet (worn)
 o - a +1 pair of boots (worn)
 r - a +0 pair of gloves (worn)
 F - a +0 shield (worn)
 N - a +2 cloak of poison resistance (worn)
 R - the +8 plate armour "Irhunyar" (worn) {rCorr Str+3}
   (You found it in a labyrinth)

   It affects your strength (+3).
   It protects you from acid and corrosion.
Jewellery
 q - a ring of protection from fire (left hand)
 s - a ring of positive energy (right hand)
 P - the amulet of Najype (around neck) {Gourm rPois}
   (You found it on level 1 of the Snake Pit)

   [amulet of the gourmand]

   It allows you to eat raw meat even when not hungry.
   It protects you from poison.
Wands
 w - a wand of acid (5/15)
 x - a wand of lightning (6/15)
 C - a wand of flame (35/48)
 G - a wand of flame (31/48)
 O - a wand of iceblast (6/15)
Scrolls
 c - 4 scrolls of identify
 h - 2 scrolls of holy word
 j - 10 scrolls of teleportation
 l - 3 scrolls of enchant armour
 m - 7 scrolls of fear
 n - 10 scrolls of remove curse
 p - 4 scrolls of magic mapping
 t - a scroll of fog
 u - 6 scrolls of enchant weapon
 y - 4 scrolls of blinking
 B - 3 scrolls of silence
 I - 2 scrolls of recharging
 J - 2 scrolls of acquirement
 K - a scroll of summoning
Potions
 a - 3 potions of haste
 b - 3 potions of magic
 d - 3 potions of might
 e - 7 potions of heal wounds
 v - 10 potions of curing
 z - a potion of brilliance
 E - 4 potions of agility
 M - 2 potions of berserk rage
 T - a potion of cancellation
Books
 H - a book of Enchantments

   Spells                             Type                      Level
   a - Cause Fear                     Hexes                        4
   b - Yara's Violent Unravelling     Hexes/Transmutation          5
   c - Silence                        Hexes/Air                    5
   d - Deflect Missiles               Charms/Air                   6
   e - Discord                        Hexes                        8
   Trog disapproves of the use of such an item.
Comestibles
 f - 15 bread rations
 g - 14 meat rations
 k - 21 royal jellies
 A - 5 fruits


   Skills:
 + Level 14.7 Fighting
 - Level 16.0 Maces & Flails
 + Level 15.0 Armour
 + Level 4.3 Dodging
 - Level 15.0 Shields
 - Level 6.0 Evocations


You had 15 spell levels left.
You didn't know any spells.

Dungeon Overview and Level Annotations

Branches:
Dungeon (12/15)            Temple (0/1) D:7            Lair (6/6) D:9
  Swamp (0/4) Lair:3        Snake (4/4) Lair:3        Slime (0/5) Lair:5
    Orc (0/2) D:11

Altars:
Dithmenos
Hepliaklqana
Kikubaaqudgha
Sif Muna
Trog
Uskayaw

Shops:
D:9 (   Snake:2 }}=

Annotations:
D:12 Frank's ghost, journeyman GrFi


Innate Abilities, Weirdness & Mutations

You are resistant to torment.
Your stone body is resilient. (AC +11)
You are immune to poison.
Your large and strong wings let you fly indefinitely.
You resist negative energy. (rN+)
You are resistant to electric shocks. (rElec)
You can survive without breathing.
You are immune to petrification.
You are immune to rotting.
You are partially covered in yellow scales. (AC +2)
You are frail. (-10% HP)
You occasionally shout uncontrollably at your foes.
Your spells are a little easier to cast, but a little less powerful.
You expend magic power (3 MP) to strengthen your wands.
Your movements are slightly less encumbered by armour. (ER -2)


Message History

You feel yourself moving faster!
You feel mighty!
You feel quite a bit more hungry. You block the salamander's attack.
The naga completely misses you.
You feel a strong urge to attack something.
You block the salamander's attack. x2; The naga hits you but does no damage.
The naga grabs you. The naga constricts you.
Things that are here:
an uncursed arbalest; an uncursed long sword of slicing; a naga corpse You puncture the naga!
You freeze the naga.
The naga is severely wounded.
You barely miss the naga.
The naga is severely wounded.
The salamander hits you with a trident.
* * * LOW HITPOINT WARNING * * *
You are engulfed in flames!
* * * LOW HITPOINT WARNING * * *
The salamander hits you with a glaive.
* * * LOW HITPOINT WARNING * * *
You are engulfed in flames!
You die...

#.##.....#.......
#.##(............
#.##.........##..
#.##.)).....##
###.##.......## ##
####..#..[.).(.## #...
##.........####)###.....
#..........## #)#.......
#...........# #N@N......
#...........###..N......
#.......................
#..........####.........
##......#### ###.....##
###..### ###### ####


You could see 2 salamanders and a naga.

Vanquished Creatures
  Nikola (Snake:1)
  Gastronok (D:8)
  Agnes (Snake:1)
  3 nagarajas
  A stone giant (Volcano)
  2 entropy weavers (Lair:6)
  A minotaur (Lab)
  The ghost of Quirk the Basher, a journeyman TrFi of Ru (D:12)
  A fire dragon (Lair:6)
  12 naga warriors
  8 hydras
  4 two-headed ogres
  A queen ant (Lair:6)
  11 anacondas
  5 death yaks
  11 naga sharpshooters
  5 shock serpents
  Nergalle (D:10)
  A fire crab (Lair:6)
  A salamander mystic (Snake:4)
  9 naga ritualists
  Pikel (D:5)
  13 mana vipers
  6 salamanders
  5 elephants
  11 naga magi
  40 black mambas
  4 guardian serpents
  4 molten gargoyles
  A torpor snail (Lair:5)
  A gargoyle (Volcano)
  9 spiny frogs
  2 kobold demonologists (D:12)
  3 rime drakes
  An efreet (Volcano)
  13 komodo dragons
  A queen bee (Lair:1)
  11 blink frogs
  A troll (D:11)
  7 hippogriffs
  13 dream sheep (Lair:6)
  36 yaks
  6 wyverns
  2 fire elementals (Volcano)
  7 basilisks
  2 fire bats (Volcano)
  A steam dragon (Lair:6)
  24 soldier ants (Lair:6)
  Edmund (D:5)
  9 water moccasins
  39 nagas
  6 hell hounds
  14 porcupines
  A swamp drake (D:11)
  4 orc warriors
  4 sky beasts
  2 ice beasts
  3 phantoms
  A black bear (D:7)
  2 necrophages (D:7)
  9 ogres
  3 centaurs
  8 crocodiles
  An elf zombie (Ossuary)
  3 big kobolds
  15 bullfrogs
  A wyvern zombie (D:9)
  An earth elemental (Volcano)
  A gnoll sergeant (D:6)
  3 scorpions
  32 killer bees
  7 howler monkeys
  10 lava snakes
  A centaur zombie (Ossuary)
  2 jellies
  7 orc wizards
  3 centaur skeletons
  6 orc priests
  9 hounds
  3 bullfrog skeletons
  9 iguanas
  26 worker ants
  2 big kobold zombies (Ossuary)
  3 hound skeletons
  2 mummies (Ossuary)
  9 gnolls
  A howler monkey skeleton (D:4)
  14 adders
  5 shadow imps
  3 oozes
  An adder zombie (D:6)
  3 worms
  2 dart slugs
  6 leopard geckos
  40 orcs
  12 bats
  4 giant cockroaches
  8 hobgoblins
  10 jackals
  19 kobolds
  4 quokkas
  7 frilled lizards
  7 goblins
  2 goblin zombies (Ossuary)
  9 hobgoblin zombies (Ossuary)
  7 kobold zombies (Ossuary)
  11 orc zombies (Ossuary)
  13 rats
  4 rat zombies (Ossuary)
760 creatures vanquished.

Vanquished Creatures (others)
  A slave (D:5)
  5 fungi
  2 plants
8 creatures vanquished.

Grand Total: 768 creatures vanquished

Notes
Turn   | Place    | Note
-------+----------+-------------------------------------------
     0 | D:1      | polve the Gargoyle Fighter began the quest for the Orb.
     0 | D:1      | Reached XP level 1. HP: 14/14 MP: 1/1
   100 | D:1      | Reached XP level 2. HP: 10/19 MP: 2/2
   524 | D:1      | Reached skill level 3 in Maces & Flails
   913 | D:1      | Reached XP level 3. HP: 23/23 MP: 3/3
  1320 | D:2      | Reached skill level 4 in Maces & Flails
  1468 | D:2      | Found a bloodstained altar of Trog.
  1488 | D:2      | Reached XP level 4. HP: 27/28 MP: 4/4
  1497 | D:2      | Became a worshipper of Trog the Wrathful
  2428 | D:3      | Reached skill level 5 in Maces & Flails
  2461 | D:3      | Reached XP level 5. HP: 32/32 MP: 5/5
  2569 | D:3      | Reached * piety under Trog
  2625 | D:3      | Found a hide-covered altar of Uskayaw.
  2627 | D:3      | Noticed a dagger
  2628 | D:3      | Noticed a hand axe
  2795 | D:3      | HP: 1/32 [orc priest/divine providence (13)]
  3545 | D:3      | Reached skill level 6 in Maces & Flails
  3612 | D:3      | Reached XP level 6. HP: 33/37 MP: 6/6
  4177 | D:4      | Found a deep blue altar of Sif Muna.
  4437 | D:4      | Found a shadowy altar of Dithmenos.
  4486 | D:4      | Found a hazy altar of Hepliaklqana.
  4633 | D:4      | You fall through a shaft!
  4633 | D:5      | Entered Level 5 of the Dungeon
  4654 | D:5      | Noticed a slave
  4655 | D:5      | Noticed a slave
  4656 | D:5      | Noticed Pikel
  4657 | D:5      | Noticed a slave
  4660 | D:5      | Noticed a slave
  4684 | D:5      | Killed Pikel
  4684 | D:5      | Reached skill level 8 in Maces & Flails
  4684 | D:5      | Reached XP level 7. HP: 41/41 MP: 7/7
  4777 | D:5      | Reached skill level 9 in Maces & Flails
  4777 | D:5      | Reached XP level 8. HP: 42/46 MP: 8/8
  5176 | D:5      | Noticed Edmund
  5197 | D:5      | Killed Edmund
  5220 | D:5      | Reached ** piety under Trog
  5466 | D:6      | Reached skill level 10 in Maces & Flails
  5510 | D:6      | Found an ancient bone altar of Kikubaaqudgha.
  5755 | D:6      | Reached skill level 11 in Maces & Flails
  5763 | D:6      | Reached XP level 9. HP: 28/51 MP: 9/9
  5825 | D:6      | Noticed a two-headed ogre
  5838 | D:6      | Killed a two-headed ogre
  5838 | D:6      | Reached skill level 12 in Maces & Flails
  6458 | D:7      | Found a sand-covered staircase.
  6462 | Ossuary  | Entered an ossuary
  6504 | Ossuary  | Reached *** piety under Trog
  6709 | Ossuary  | Received a gift from Trog
  6794 | D:7      | Reached skill level 5 in Armour
  6813 | D:7      | Reached skill level 5 in Shields
  6833 | D:7      | Reached skill level 5 in Fighting
  6833 | D:7      | Reached XP level 10. HP: 51/59 MP: 10/10
  6891 | D:7      | Reached **** piety under Trog
  7058 | D:7      | Gained mutation: You are frail. (-10% HP) [mutagenic meat]
  7059 | D:7      | Gained mutation: Your movements are slightly less encumbered by armour. (ER -2) [mutagenic meat]
  7060 | D:7      | Gained mutation: Your flesh is cold resistant. (rC+) [mutagenic meat]
  7061 | D:7      | Gained mutation: You occasionally shout uncontrollably at your foes. [mutagenic meat]
  7062 | D:7      | Gained mutation: You are very frail. (-20% HP) [mutagenic meat]
  7083 | D:7      | Noticed a moth of wrath
  7093 | D:7      | Found a bloodstained altar of Trog.
  7204 | D:7      | Found a staircase to the Ecumenical Temple.
  7446 | D:8      | Noticed Gastronok
  7469 | D:8      | Killed Gastronok
  7751 | D:8      | Reached XP level 11. HP: 50/53 MP: 11/11
  8118 | D:9      | Noticed a two-headed ogre
  8118 | D:9      | Found a staircase to the Lair.
  8203 | D:10     | Entered Level 10 of the Dungeon
  8468 | D:9      | Killed a two-headed ogre
  8866 | D:9      | Found Hairchio's Weapon Boutique.
  9453 | D:9      | Reached ***** piety under Trog
  9703 | D:10     | Noticed a two-headed ogre
  9728 | D:10     | Killed a two-headed ogre
 10228 | D:10     | Noticed Nergalle
 10242 | D:10     | Killed Nergalle
 10558 | D:10     | Noticed a two-headed ogre
 10574 | D:10     | Killed a two-headed ogre
 10574 | D:10     | Reached skill level 10 in Armour
 10574 | D:10     | Reached XP level 12. HP: 61/61 MP: 12/12
 10582 | D:10     | Reached skill level 10 in Shields
 11283 | D:11     | Reached skill level 10 in Fighting
 11487 | D:11     | Lost mutation: Your movements are slightly less encumbered by armour. (ER -2) [potion of mutation]
 11487 | D:11     | Lost mutation: Your flesh is cold resistant. (rC+) [potion of mutation]
 11487 | D:11     | Lost mutation: You are very frail. (-20% HP) [potion of mutation]
 11487 | D:11     | Gained mutation: You are partially covered in yellow scales. (AC +2) [potion of mutation]
 11487 | D:11     | Gained mutation: You expend magic power (3 MP) to strengthen your wands. [potion of mutation]
 11487 | D:11     | Gained mutation: Your movements are slightly less encumbered by armour. (ER -2) [potion of mutation]
 11866 | D:11     | Paralysed by a big kobold for 4 turns
 11877 | D:11     | Paralysed by a big kobold for 6 turns
 11953 | D:11     | Found a staircase to the Orcish Mines.
 12277 | D:12     | Noticed a soul eater
 12356 | D:12     | Noticed Quirk's ghost (journeyman TrFi)
 12383 | D:12     | Killed Quirk's ghost
 12407 | D:12     | Noticed Frank's ghost (journeyman GrFi)
 12714 | Lair:1   | Entered Level 1 of the Lair of Beasts
 13272 | Lair:1   | Reached ****** piety under Trog
 14542 | Lair:2   | Noticed an eight-headed hydra
 14555 | Lair:2   | Killed an eight-headed hydra
 15652 | Lair:3   | Found a staircase to the Swamp.
 15652 | Lair:3   | Noticed a five-headed hydra
 15664 | Lair:3   | Killed a five-headed hydra
 15664 | Lair:3   | Reached XP level 13. HP: 73/73 MP: 13/13
 15752 | Lair:3   | Found a dark tunnel.
 15768 | Volcano  | Entered a volcano
 16026 | Volcano  | Received a gift from Trog
 16200 | Volcano  | Found a radiant altar of Vehumet.
 16284 | Volcano  | Noticed a stone giant
 16318 | Volcano  | Killed a stone giant
 16826 | Lair:3   | Received a gift from Trog
 16826 | Lair:3   | Reached skill level 15 in Shields
 17190 | Lair:3   | Found a staircase to the Snake Pit.
 17953 | Lair:4   | Reached skill level 13 in Maces & Flails
 18015 | Lair:4   | Found a labyrinth entrance.
 18024 | Lab      | Entered a labyrinth
 18145 | Lab      | Noticed a minotaur
 18150 | Lab      | Killed a minotaur
 18154 | Lab      | Identified Cutuoghe's Magic in Simple Steps
 18156 | Lab      | Got a spiked plate armour
 18172 | Lab      | Identified the +8 plate armour "Irhunyar" {rCorr Str+3} (You found it in a labyrinth)
 18643 | Lair:4   | Reached skill level 14 in Maces & Flails
 19350 | Lair:5   | Gained mutation: Your large and strong wings let you fly indefinitely. [Gargoyle growth]
 19350 | Lair:5   | Reached XP level 14. HP: 69/79 MP: 14/14
 19484 | Lair:5   | Found a staircase to the Slime Pits.
 19594 | Lair:5   | Found a runed door.
 19739 | Lair:5   | Received a gift from Trog
 19742 | Lair:5   | Got an iridescent morningstar {god gift}
 19743 | Lair:5   | Identified the +10 morningstar "Ilytot" {freeze, rElec rF- MR+ Str+8} (Trog gifted it to you on level 5 of the Lair of Beasts)
 20281 | Lair:6   | Entered Level 6 of the Lair of Beasts
 20698 | Lair:6   | Noticed an entropy weaver
 20704 | Lair:6   | Killed an entropy weaver
 20788 | Lair:6   | Noticed an entropy weaver
 20805 | Lair:6   | Killed an entropy weaver
 21067 | Lair:6   | Reached skill level 15 in Maces & Flails
 21367 | Lair:6   | Received a gift from Trog
 21459 | Lair:6   | Found a large runed door.
 21460 | Lair:6   | Found a large runed door.
 22388 | Lair:6   | Reached XP level 15. HP: 86/86 MP: 15/15
 22470 | Snake:1  | Entered Level 1 of the Snake Pit
 22708 | Snake:1  | Got a shimmering graven amulet
 22729 | Snake:1  | Identified the amulet of Najype {Gourm rPois} (You found it on level 1 of the Snake Pit)
 22744 | Snake:1  | Identified a scroll of acquirement
 22908 | Snake:1  | Reached skill level 1 in Evocations
 22975 | Snake:1  | Noticed Agnes
 22983 | Snake:1  | Killed Agnes
 23235 | Snake:1  | Found a hazy altar of Hepliaklqana.
 23243 | Snake:1  | Reached skill level 16 in Maces & Flails
 23342 | Snake:1  | Noticed Nikola
 23369 | Snake:1  | Killed Nikola
 24247 | Snake:2  | Found Ufuhocw's Gadget Boutique.
 24249 | Snake:2  | Found Inoisk's Jewellery Shoppe.
 24250 | Snake:2  | Found Erahis's Gadget Boutique.
 24274 | Snake:2  | Noticed a nagaraja
 24288 | Snake:2  | Killed a nagaraja
 24319 | Snake:2  | Received a gift from Trog
 25031 | Snake:2  | Reached skill level 5 in Evocations
 25045 | Snake:2  | Reached XP level 16. HP: 30/93 MP: 19/19
 25076 | Snake:2  | Gained mutation: Your spells are a little easier to cast, but a little less powerful. [mutagenic meat]
 25861 | Snake:2  | Noticed a nagaraja
 25871 | Snake:2  | Killed a nagaraja
 26224 | Snake:3  | Found Lapnel's Gadget Shoppe.
 26246 | Snake:3  | Reached skill level 1 in Dodging
 26537 | Snake:3  | Received a gift from Trog
 26803 | Snake:3  | Noticed a nagaraja
 26812 | Snake:3  | Killed a nagaraja
 27392 | Snake:4  | Entered Level 4 of the Snake Pit
 27623 | Snake:4  | Reached skill level 15 in Armour
 27645 | Snake:4  | Received a gift from Trog
 27650 | Snake:4  | Slain by a salamander

Skill      XL: |  1  2  3  4  5  6  7  8  9 10 11 12 13 14 15 16 |
---------------+-------------------------------------------------+-----
Maces & Flails | 3 4 5 6 8 9 11 12 14 15 16 | 16.0
Armour         | 5 7 10 12 13 15 | 15.0
Shields        | 5 7 9 13 15 | 15.0
Fighting       | 5 7 9 10 12 13 14 | 14.7
Evocations     | 5 6 |  6.0
Dodging        | 4 |  4.3

Action                   |  1- 3 |  4- 6 |  7- 9 | 10-12 | 13-15 | 16-18 || total
-------------------------+-------+-------+-------+-------+-------+-------++-------
Melee: Flail             |   224 |   308 |       |       |       |       ||   532
       Whip              |       |       |   509 |  1385 |   179 |       ||  2073
       Demon whip        |       |       |       |       |   350 |       ||   350
       Morningstar       |       |       |       |       |   658 |   339 ||   997
Invok: Berserk           |       |       |     3 |    22 |    12 |     2 ||    39
       Burn Spellbooks   |       |       |       |     1 |     3 |       ||     4
       Brothers in Arms  |       |       |       |     1 |       |       ||     1
 Abil: Fly               |       |       |       |       |     1 |       ||     1
  Use: Scroll            |       |     7 |       |     7 |    13 |       ||    27
       Potion            |       |       |       |     9 |       |       ||     9
 Stab: Confused          |       |       |       |     2 |       |       ||     2
  Eat: Chunk             |     2 |    11 |    10 |    58 |    42 |     8 ||   131
       Royal jelly       |       |       |       |     3 |       |       ||     3
Armor: Scale mail        |   161 |   145 |       |       |       |       ||   306
       Plate armour      |       |    44 |   199 |   566 |   542 |   169 ||  1520
Dodge: Dodged            |   106 |    86 |    33 |   203 |   232 |    71 ||   731
Block: Shield            |   129 |   145 |   122 |   635 |   774 |   235 ||  2040
